 Dungeon Crawl Stone Soup version 0.21-a0-442-g848f44b (webtiles) character file.

37645 Lazav66 the Severer (level 13, -1/122 HPs)
             Began as a Deep Dwarf Fighter on Nov 15, 2017.
             Was the Champion of Qazlal.
             Slain by an eight-headed hydra (3 damage)
             ... on level 6 of the Lair of Beasts.
             The game lasted 00:48:16 (11662 turns).

Lazav66 the Severer (Deep Dwarf Fighter)           Turns: 11662, Time: 00:48:17

Health: -1/122     AC: 31    Str: 20    XL:     13   Next: 59%
Magic:  3/3        EV:  6    Int: 10    God:    Qazlal [******]
Gold:   978        SH: 21    Dex: 16    Spells: 12/12 levels left

rFire    . . .     SeeInvis +   d - +1 flail (protect)
rCold    + . .     Gourm    .   c - +0 shield
rNeg     . . .     Faith    .   L - +0 plate armour
rPois    .         Spirit   .   b - +0 helmet
rElec    .         Reflect  .   l - +0 cloak
rCorr    .         Harm     .   I - +1 pair of gloves
MR       ++...                  R - +2 pair of boots
Stlth    ..........             O - amulet "Doaqagh" {RegenMP MR+}
HPRegen  0.00/turn              S - ring of protection from cold
MPRegen  0.33/turn              C - ring of see invisible

@: protection aura, non-regenerating, repel missiles
A: damage resistance, heal wounds, sense surroundings 2, no regeneration
a: Heal Wounds, Upheaval, Elemental Force, Disaster Area, Renounce Religion


You were on level 6 of the Lair of Beasts.
You worshipped Qazlal.
Qazlal was exalted by your worship.
You were not hungry.

You visited 2 branches of the dungeon, and saw 17 of its levels.

You collected 1172 gold pieces.
You spent 194 gold pieces at shops.

Inventory:

Hand Weapons
 a - a +0 war axe
 d - a +1 flail of protection (weapon)
Armour
 b - a +0 helmet (worn)
 c - a +0 shield (worn)
 l - a +0 cloak (worn)
 I - a +1 pair of gloves (worn)
 L - a +0 plate armour (worn)
 R - a +2 pair of boots (worn)
Jewellery
 q - an uncursed ring of fire
 y - an uncursed amulet of harm {unknown}
 C - a ring of see invisible (right hand)
 J - an uncursed ring of positive energy
 K - an uncursed ring of protection from magic
 O - the amulet "Doaqagh" (around neck) {RegenMP MR+}
   (You took it off an orc priest on level 11 of the Dungeon)

   [amulet of magic regeneration]

   It increases your magic regeneration.
   It affects your resistance to hostile enchantments.
 S - a ring of protection from cold (left hand)
 W - an uncursed ring of resist corrosion {unknown}
 X - a +3 amulet of reflection {unknown}
 Z - a +5 ring of dexterity {unknown}
Wands
 k - a wand of paralysis (16/24)
 t - a wand of iceblast (12/15)
 z - a wand of acid (10/15)
 N - a wand of iceblast (4/15)
 Q - a wand of scattershot (4/9)
Scrolls
 e - 2 scrolls of teleportation
 h - 2 scrolls of immolation {unknown}
 m - 2 scrolls of recharging
 n - 4 scrolls of magic mapping
 o - 4 scrolls of enchant weapon
 u - a scroll of fog {unknown}
 v - 2 scrolls of enchant armour {unknown}
 A - a scroll of holy word {unknown}
 D - 4 scrolls of remove curse
 E - 2 scrolls of random uselessness {unknown}
 H - a scroll of fear {unknown}
 U - 2 scrolls of identify
Potions
 g - 4 potions of heal wounds
 i - 5 potions of mutation
 j - 5 potions of flight
 p - 5 potions of lignification
 s - 13 potions of curing
 w - a potion of invisibility
 x - 3 potions of berserk rage
 F - 3 potions of agility
 G - a potion of brilliance {unknown}
 P - 2 potions of cancellation
Comestibles
 f - 7 bread rations
 r - 8 meat rations
 B - 10 royal jellies
 M - 6 chunks of flesh
 T - 13 fruits


   Skills:
 + Level 9.6 Fighting
 * Level 15.1 Axes
 + Level 11.3 Armour
 + Level 11.4 Shields
 + Level 10.2 Invocations


You had 12 spell levels left.
You didn't know any spells.

Dungeon Overview and Level Annotations

Branches:
Dungeon (11/15)            Temple (0/1) D:7            Lair (5/6) D:11
  Swamp (0/4) Lair:2       Spider (0/4) Lair:2          Orc (0/2) D:9
  Slime: Lair:5-6

Altars:
Cheibriados
Fedhas
Gozag
Hepliaklqana
Makhleb
Okawaru
Qazlal
Ru
Yredelemnul
Zin
The Shining One

Shops:
D:6 ?

Annotations:
Lair:5 exclusion: oklob plant


Innate Abilities, Weirdness & Mutations

You are resistant to damage.
You can heal yourself by infusing magical energy.
You passively map the area around you.
You do not regenerate.


Message History

You block the bullfrog's attack.
The blink frog blinks!
The blink frog hits you but does no damage.
The blink frog blinks!
The komodo dragon bites you!
* * * LOW HITPOINT WARNING * * *
You hit the blink frog.
The blink frog is moderately wounded.
You block the blink frog's attack. x2; The komodo dragon bites you!
* * * LOW HITPOINT WARNING * * *
You block the blink frog's attack. The eight-headed hydra bites you.
The eight-headed hydra bites you but does no damage.
The eight-headed hydra completely misses you.
The eight-headed hydra bites you but does no damage.
The eight-headed hydra barely misses you.
The eight-headed hydra bites you but does no damage. x3
The blink frog blinks!
You miss the blink frog.
The blink frog is moderately wounded.
You block the blink frog's attack. You block the komodo dragon's attack.
The blink frog blinks!
The eight-headed hydra bites you.
You die...

######.## ##### ###[P..##.# ###
.$.#. ##......FF.# #####.##
*....) ##...###.PF.###......##
.P..P ##÷..##
###F....F.F.§..##..P.#
##..÷..########.#.#..#..F.....#
#...÷.......§#######.#P.......#
#...#.....%HFl###..##.F........
####§..F##w.§FFD@F..F............
.....F.####.FF#D####.#.#........#
....F..# #...#### # ##.#.F......
.F.H..## ##...# ##§#....#..
#.##### ##..# * *..#.#...#. ###
*#... * * F##..PP...# ## .....
*..,,.. P.... .# * . , * , ≈ ,
##########* ≈.. ≈ , ≈ ,


You could see an eight-headed hydra, a four-headed hydra, a tyrant leech, a
komodo dragon, a hippogriff, a spiny frog, 5 blink frogs and a bullfrog.

Vanquished Creatures
  Nessos (Lair:5)
  5 hydras
  3 two-headed ogres
  2 tengu warriors (D:11)
  Sonja (Lair:1)
  A lindwurm (Lair:4)
  A torpor snail (Lair:6)
  21 spiny frogs
  2 gargoyles
  A black mamba (Lair:5)
  3 rime drakes
  5 komodo dragons
  A hornet (D:8)
  A polar bear (Lair:4)
  25 blink frogs
  8 hippogriffs
  Sigmund (D:2)
  2 wyverns
  A shadow (D:10)
  A human (D:7)
  A hungry ghost (D:11)
  Eustachio (D:6)
  5 yaks
  3 hogs (D:7)
  4 vampire mosquitoes (Lair:6)
  Duvessa (D:5)
  21 water moccasins
  8 porcupines
  3 sky beasts
  A swamp drake (Lair:3)
  6 orc warriors
  2 phantoms
  6 ice beasts
  2 black bears (D:11)
  6 ogres
  4 centaurs (D:11)
  9 crocodiles
  Blork the orc (D:5)
  28 bullfrogs
  A gnoll sergeant (D:8)
  Dowan (D:5)
  4 killer bees (D:8)
  9 wights
  2 electric eels
  A centaur zombie (D:8)
  3 crimson imps
  8 hounds
  A bullfrog zombie (D:6)
  9 orc priests
  A bullfrog skeleton (D:8)
  3 jellies
  11 orc wizards
  2 worker ants
  An iguana (D:8)
  A killer bee zombie (D:5)
  2 hound skeletons
  2 hound zombies
  18 adders
  3 gnolls (D:8)
  A shadow imp (D:6)
  3 adder zombies
  A worm (D:2)
  3 dart slugs
  7 leopard geckos
  96 orcs
  4 bats
  6 giant cockroaches
  8 goblins
  9 hobgoblins
  13 jackals
  5 quokkas
  2 ball pythons
  3 frilled lizards
  A jackal skeleton (D:4)
  6 kobolds
  A quokka skeleton (D:7)
  A rat (D:1)
  A fungus (D:11)
  A plant (Lair:2)
453 creatures vanquished.

Vanquished Creatures (others)
  An orc wizard (D:4)
  2 adders (Lair:3)
  34 fungi
  44 plants
81 creatures vanquished.

Grand Total: 534 creatures vanquished

Notes
Turn   | Place    | Note
-------+----------+-------------------------------------------
     0 | D:1      | Lazav66 the Deep Dwarf Fighter began the quest for the Orb.
     0 | D:1      | Reached XP level 1. HP: 20/20 MP: 1/1
   107 | D:1      | Reached XP level 2. HP: 27/27 MP: 2/2
   560 | D:1      | Reached skill level 3 in Axes
   630 | D:2      | Noticed Sigmund
   658 | D:2      | Killed Sigmund
   658 | D:2      | Reached skill level 4 in Axes
   658 | D:2      | Reached XP level 3. HP: 18/34 MP: 2/2
   658 | D:2      | Reached XP level 4. HP: 23/42 MP: 3/3
   658 | D:2      | Reached XP level 5. HP: 27/49 MP: 4/4
   835 | D:2      | Found a basalt altar of Yredelemnul.
  1546 | D:4      | Reached XP level 6. HP: 55/56 MP: 4/4
  1619 | D:4      | Reached skill level 5 in Axes
  2164 | D:4      | Reached skill level 5 in Shields
  2164 | D:4      | Reached XP level 7. HP: 59/64 MP: 4/4
  2513 | D:4      | Reached skill level 6 in Axes
  2513 | D:4      | Reached skill level 5 in Armour
  2682 | D:5      | Entered Level 5 of the Dungeon
  2737 | D:5      | Noticed Blork the orc
  2753 | D:5      | Killed Blork the orc
  2850 | D:5      | Found a stormy altar of Qazlal.
  2858 | D:5      | Became a worshipper of Qazlal Stormbringer
  2926 | D:5      | Noticed Duvessa
  2927 | D:5      | Noticed Dowan
  2937 | D:5      | Found a burning altar of Makhleb.
  2950 | D:5      | Killed Duvessa
  2950 | D:5      | Reached XP level 8. HP: 71/73 MP: 4/4
  2960 | D:5      | Killed Dowan
  2960 | D:5      | Reached skill level 7 in Axes
  3252 | D:6      | Found a glowing silver altar of Zin.
  3320 | D:6      | Reached skill level 5 in Fighting
  3455 | D:6      | Found an opulent altar of Gozag.
  3456 | D:6      | Found a glowing golden altar of the Shining One.
  3485 | D:6      | Found Anaumur's Magic Scroll Shop.
  3496 | D:6      | Found a burning altar of Makhleb.
  3508 | D:6      | Reached skill level 8 in Axes
  3511 | D:6      | Reached * piety under Qazlal
  3534 | D:6      | Bought a scroll of enchant weapon for 97 gold pieces
  3534 | D:6      | Bought a scroll of enchant weapon for 97 gold pieces
  3585 | D:6      | Found a hazy altar of Hepliaklqana.
  3594 | D:6      | Noticed Eustachio
  3599 | D:6      | Killed Eustachio
  3691 | D:6      | Gained mutation: You passively map the area around you. [Deep Dwarf growth]
  3691 | D:6      | Reached XP level 9. HP: 76/81 MP: 3/3
  3859 | D:7      | Reached ** piety under Qazlal
  3966 | D:7      | Reached skill level 9 in Axes
  4107 | D:7      | Found a staircase to the Ecumenical Temple.
  4139 | D:7      | Found an iron altar of Okawaru.
  4253 | D:7      | Found a snail-covered altar of Cheibriados.
  4504 | D:7      | Reached skill level 10 in Axes
  4674 | D:8      | Reached XP level 10. HP: 86/92 MP: 4/4
  4692 | D:8      | Noticed a two-headed ogre
  4695 | D:8      | Reached skill level 1 in Invocations
  4700 | D:8      | Killed a two-headed ogre
  4854 | D:8      | Found a blossoming altar of Fedhas.
  5041 | D:8      | Reached *** piety under Qazlal
  5250 | D:9      | Reached skill level 11 in Axes
  5399 | D:9      | Found a sacrificial altar of Ru.
  5704 | D:9      | Found a staircase to the Orcish Mines.
  5754 | D:9      | Reached **** piety under Qazlal
  5805 | D:9      | Paralysed by an orc wizard for 4 turns
  6068 | D:10     | Entered Level 10 of the Dungeon
  6077 | D:10     | Noticed a two-headed ogre
  6092 | D:10     | Killed a two-headed ogre
  6362 | D:10     | Reached XP level 11. HP: 95/100 MP: 4/4
  6765 | D:11     | Noticed a tengu warrior
  6782 | D:11     | Noticed a tengu warrior
  6806 | D:11     | Killed a tengu warrior
  6806 | D:11     | Reached skill level 5 in Invocations
  6826 | D:11     | Killed a tengu warrior
  6851 | D:11     | Reached skill level 12 in Axes
  6893 | D:11     | Noticed a two-headed ogre
  6897 | D:11     | Reached ***** piety under Qazlal
  6906 | D:11     | Killed a two-headed ogre
  6969 | D:11     | Found a staircase to the Lair.
  7053 | D:11     | Got a sparkling graven amulet
  7551 | Lair:1   | Entered Level 1 of the Lair of Beasts
  7675 | Lair:1   | Noticed Sonja
  7689 | Lair:1   | Killed Sonja
  8213 | Lair:2   | Found a staircase to the Swamp.
  8215 | Lair:2   | Noticed an eight-headed hydra
  8307 | Lair:2   | Killed a nine-headed hydra
  8307 | Lair:2   | Reached skill level 13 in Axes
  8307 | Lair:2   | Reached XP level 12. HP: 9/111 MP: 5/5
  8326 | Lair:2   | Identified the amulet "Doaqagh" {RegenMP MR+} (You took it off an orc priest on level 11 of the Dungeon)
  8408 | Lair:2   | Found a hole to the Spider Nest.
  9194 | Lair:3   | Reached skill level 10 in Shields
  9301 | Lair:3   | Reached skill level 10 in Armour
 10130 | Lair:4   | Noticed a four-headed hydra
 10144 | Lair:4   | Killed a four-headed hydra
 10235 | Lair:4   | Noticed an eight-headed hydra
 10250 | Lair:4   | Killed an eight-headed hydra
 10292 | Lair:4   | Noticed an eight-headed hydra
 10300 | Lair:4   | Killed an eight-headed hydra
 10342 | Lair:4   | Reached skill level 14 in Axes
 10813 | Lair:5   | Noticed Nessos
 10843 | Lair:5   | Killed Nessos
 10872 | Lair:5   | Reached ****** piety under Qazlal
 10971 | Lair:5   | Reached XP level 13. HP: 86/121 MP: 5/5
 11247 | Lair:5   | You fall through a shaft!
 11247 | Lair:6   | Entered Level 6 of the Lair of Beasts
 11486 | Lair:6   | Reached skill level 10 in Invocations
 11547 | Lair:6   | Reached skill level 15 in Axes
 11597 | Lair:6   | HP: 5/121 [bullfrog (4)]
 11660 | Lair:6   | HP: 4/122 [komodo dragon (6)]
 11662 | Lair:6   | Slain by an eight-headed hydra

Vault maps used:
D:1:      lemuel_arrival_room
D:2:      nicolae_overflow_crystal_walls, uniq_sigmund
D:5:      grunt_qazlal_sundering, basic_altar, first_bread,
          minmay_misc_feat_enclosed, minmay_misc_feat_chi, uniq_duvessa,
          uniq_blork_the_orc
D:6:      old_standard_altar, lemuel_doored_altar,
          gammafunk_temple_overflow_statue, serial_shops, nicolae_shop_trees,
          basic_altar, uniq_eustachio
D:7:      cheibriados_altar_1, lemuel_round_altar, minmay_temple_entry_hall,
          grunt_livestock
D:8:      lemuel_crystal_altar
D:9:      nicolae_ru_awakened_eye, hiddenorc2_lemuel, special_room
D:11:     due_lair_maze_entry_diamond
Lair:1:   uniq_sonja
Lair:2:   swamp_mist, spider_nest_entry_web_field, serial_bayou,
          serial_bayou_pond_e, serial_bayou_lake_a, serial_bayou_ford_a,
          serial_bayou_lagoon_b, minivault_26, infiniplex_staircase_pool
Lair:3:   lemuel_reptile_caves, lemuel_fruit_tree, grunt_megastairs_3,
          serial_bayou_shore_a
Lair:4:   lemuel_old_faithful, serial_bayou_shore_b
Lair:5:   dragon1_lemuel, dpeg_slime_entry_corner, infiniplex_staircase_pool_2,
          uniq_nessos
Lair:6:   minmay_lair_end_frog_pond, minmay_lair_oklob_chamber

Skill      XL: |  1  2  3  4  5  6  7  8  9 10 11 12 13 |
---------------+----------------------------------------+-----
Axes           | 4 5 6 8 10 11 13 14 15 | 15.1
Fighting       | 3 4 5 6 7 8 9 |  9.6
Armour         | 4 5 6 7 8 9 10 11 | 11.3
Shields        | 4 5 6 7 8 9 10 11 | 11.4
Invocations    | 4 7 9 10 | 10.2

Action                   |  1- 3 |  4- 6 |  7- 9 | 10-12 | 13-15 || total
-------------------------+-------+-------+-------+-------+-------++-------
Melee: War axe           |    60 |   209 |   502 |   929 |   171 ||  1871
       Flail             |       |       |       |    48 |    30 ||    78
Invok: Upheaval          |       |       |       |     1 |       ||     1
 Abil: Heal Wounds       |     2 |     4 |    14 |    30 |     8 ||    58
  Use: Potion            |     1 |       |       |       |     5 ||     6
       Scroll            |       |       |     5 |    10 |     5 ||    20
  Eat: Chunk             |       |     5 |     9 |    23 |     3 ||    40
Armor: Scale mail        |     9 |       |       |       |       ||     9
       Chain mail        |    14 |   140 |   228 |    55 |       ||   437
       Plate armour      |       |       |       |   378 |   140 ||   518
Dodge: Dodged            |    12 |    32 |    83 |   131 |    58 ||   316
       Deflected         |       |       |       |     8 |       ||     8
Block: Shield            |    23 |    99 |   278 |   850 |   345 ||  1595

Table legend:
 A = Spawn XP
 B = Non-spawn XP
 C = Spawn XP percentage of total XP
 D = Spawn monster count
 E = Non-spawn monster count
 F = Spawn count percentage of total count
 G = Total turns spent on level
                    A         B        C        D         E        F      G
               +---------+---------+-------+---------+---------+-------+---------
         Total |       0 |   53779 |   0.0 |       0 |     451 |   0.0 | 11662
               +---------+---------+-------+---------+---------+-------+---------
           D:1 |       0 |      38 |   0.0 |       0 |      20 |   0.0 |   638
           D:2 |       0 |     259 |   0.0 |       0 |      16 |   0.0 |   496
           D:3 |       0 |      55 |   0.0 |       0 |      14 |   0.0 |   386
           D:4 |       0 |     616 |   0.0 |       0 |      24 |   0.0 |  1192
           D:5 |       0 |     904 |   0.0 |       0 |      22 |   0.0 |   513
           D:6 |       0 |     965 |   0.0 |       0 |      29 |   0.0 |   527
           D:7 |       0 |    2451 |   0.0 |       0 |      41 |   0.0 |   904
           D:8 |       0 |    2905 |   0.0 |       0 |      27 |   0.0 |   610
           D:9 |       0 |    1260 |   0.0 |       0 |      70 |   0.0 |   802
          D:10 |       0 |    2052 |   0.0 |       0 |      13 |   0.0 |   676
          D:11 |       0 |    5575 |   0.0 |       0 |      30 |   0.0 |   807
        Lair:1 |       0 |    3135 |   0.0 |       0 |      13 |   0.0 |   586
        Lair:2 |       0 |    2087 |   0.0 |       0 |       6 |   0.0 |   959
        Lair:3 |       0 |    5197 |   0.0 |       0 |      42 |   0.0 |   958
        Lair:4 |       0 |    5802 |   0.0 |       0 |      15 |   0.0 |   753
        Lair:5 |       0 |    5379 |   0.0 |       0 |      17 |   0.0 |   440
        Lair:6 |       0 |   15099 |   0.0 |       0 |      52 |   0.0 |   415
               +---------+---------+-------+---------+---------+-------+---------
